%YAML 1.1
%TAG !u! tag:unity3d.com,2011:
--- !u!1 &2733801599043613469
GameObject:
  m_ObjectHideFlags: 0
  m_CorrespondingSourceObject: {fileID: 0}
  m_PrefabInstance: {fileID: 0}
  m_PrefabAsset: {fileID: 0}
  serializedVersion: 6
  m_Component:
  - component: {fileID: 1530085872221492253}
  m_Layer: 0
  m_Name: Anim_R1_Product
  m_TagString: Untagged
  m_Icon: {fileID: 0}
  m_NavMeshLayer: 0
  m_StaticEditorFlags: 0
  m_IsActive: 1
--- !u!4 &1530085872221492253
Transform:
  m_ObjectHideFlags: 0
  m_CorrespondingSourceObject: {fileID: 0}
  m_PrefabInstance: {fileID: 0}
  m_PrefabAsset: {fileID: 0}
  m_GameObject: {fileID: 2733801599043613469}
  m_LocalRotation: {x: 0, y: 0, z: 0, w: 1}
  m_LocalPosition: {x: 0, y: 0, z: 0}
  m_LocalScale: {x: 1, y: 1, z: 1}
  m_Children:
  - {fileID: 3609338836054298978}
  m_Father: {fileID: 0}
  m_RootOrder: 0
  m_LocalEulerAnglesHint: {x: 0, y: 0, z: 0}
--- !u!1001 &3863046079435290249
PrefabInstance:
  m_ObjectHideFlags: 0
  serializedVersion: 2
  m_Modification:
    m_TransformParent: {fileID: 1530085872221492253}
    m_Modifications:
    - target: {fileID: -9130531150623530824, guid: b239f4edff5084f49b4c96d45c83b45a, type: 3}
      propertyPath: m_DirtyAABB
      value: 0
      objectReference: {fileID: 0}
    - target: {fileID: -9130531150623530824, guid: b239f4edff5084f49b4c96d45c83b45a, type: 3}
      propertyPath: m_AABB.m_Center.x
      value: -0.08882959
      objectReference: {fileID: 0}
    - target: {fileID: -9130531150623530824, guid: b239f4edff5084f49b4c96d45c83b45a, type: 3}
      propertyPath: m_AABB.m_Center.z
      value: -0.0026761852
      objectReference: {fileID: 0}
    - target: {fileID: -9130531150623530824, guid: b239f4edff5084f49b4c96d45c83b45a, type: 3}
      propertyPath: m_AABB.m_Extent.x
      value: 0.14002274
      objectReference: {fileID: 0}
    - target: {fileID: -9130531150623530824, guid: b239f4edff5084f49b4c96d45c83b45a, type: 3}
      propertyPath: m_AABB.m_Extent.y
      value: 0.05119315
      objectReference: {fileID: 0}
    - target: {fileID: -9130531150623530824, guid: b239f4edff5084f49b4c96d45c83b45a, type: 3}
      propertyPath: m_AABB.m_Extent.z
      value: 0.12287879
      objectReference: {fileID: 0}
    - target: {fileID: -8679921383154817045, guid: b239f4edff5084f49b4c96d45c83b45a, type: 3}
      propertyPath: m_RootOrder
      value: 0
      objectReference: {fileID: 0}
    - target: {fileID: -8679921383154817045, guid: b239f4edff5084f49b4c96d45c83b45a, type: 3}
      propertyPath: m_LocalPosition.x
      value: 0.082
      objectReference: {fileID: 0}
    - target: {fileID: -8679921383154817045, guid: b239f4edff5084f49b4c96d45c83b45a, type: 3}
      propertyPath: m_LocalPosition.y
      value: -0.159
      objectReference: {fileID: 0}
    - target: {fileID: -8679921383154817045, guid: b239f4edff5084f49b4c96d45c83b45a, type: 3}
      propertyPath: m_LocalPosition.z
      value: -0.1385
      objectReference: {fileID: 0}
    - target: {fileID: -8679921383154817045, guid: b239f4edff5084f49b4c96d45c83b45a, type: 3}
      propertyPath: m_LocalRotation.w
      value: 0.694744
      objectReference: {fileID: 0}
    - target: {fileID: -8679921383154817045, guid: b239f4edff5084f49b4c96d45c83b45a, type: 3}
      propertyPath: m_LocalRotation.x
      value: 0.70359766
      objectReference: {fileID: 0}
    - target: {fileID: -8679921383154817045, guid: b239f4edff5084f49b4c96d45c83b45a, type: 3}
      propertyPath: m_LocalRotation.y
      value: -0.10606536
      objectReference: {fileID: 0}
    - target: {fileID: -8679921383154817045, guid: b239f4edff5084f49b4c96d45c83b45a, type: 3}
      propertyPath: m_LocalRotation.z
      value: -0.10502996
      objectReference: {fileID: 0}
    - target: {fileID: -8679921383154817045, guid: b239f4edff5084f49b4c96d45c83b45a, type: 3}
      propertyPath: m_LocalEulerAnglesHint.x
      value: 0
      objectReference: {fileID: 0}
    - target: {fileID: -8679921383154817045, guid: b239f4edff5084f49b4c96d45c83b45a, type: 3}
      propertyPath: m_LocalEulerAnglesHint.y
      value: 0
      objectReference: {fileID: 0}
    - target: {fileID: -8679921383154817045, guid: b239f4edff5084f49b4c96d45c83b45a, type: 3}
      propertyPath: m_LocalEulerAnglesHint.z
      value: 0
      objectReference: {fileID: 0}
    - target: {fileID: -3491910779731555296, guid: b239f4edff5084f49b4c96d45c83b45a, type: 3}
      propertyPath: m_DirtyAABB
      value: 0
      objectReference: {fileID: 0}
    - target: {fileID: -3491910779731555296, guid: b239f4edff5084f49b4c96d45c83b45a, type: 3}
      propertyPath: m_AABB.m_Center.x
      value: -0.08882959
      objectReference: {fileID: 0}
    - target: {fileID: -3491910779731555296, guid: b239f4edff5084f49b4c96d45c83b45a, type: 3}
      propertyPath: m_AABB.m_Center.z
      value: -0.0026761852
      objectReference: {fileID: 0}
    - target: {fileID: -3491910779731555296, guid: b239f4edff5084f49b4c96d45c83b45a, type: 3}
      propertyPath: m_AABB.m_Extent.x
      value: 0.14002274
      objectReference: {fileID: 0}
    - target: {fileID: -3491910779731555296, guid: b239f4edff5084f49b4c96d45c83b45a, type: 3}
      propertyPath: m_AABB.m_Extent.y
      value: 0.05119315
      objectReference: {fileID: 0}
    - target: {fileID: -3491910779731555296, guid: b239f4edff5084f49b4c96d45c83b45a, type: 3}
      propertyPath: m_AABB.m_Extent.z
      value: 0.12287879
      objectReference: {fileID: 0}
    - target: {fileID: -3309971382135169509, guid: b239f4edff5084f49b4c96d45c83b45a, type: 3}
      propertyPath: m_DirtyAABB
      value: 0
      objectReference: {fileID: 0}
    - target: {fileID: -3309971382135169509, guid: b239f4edff5084f49b4c96d45c83b45a, type: 3}
      propertyPath: m_AABB.m_Center.x
      value: 0.030323392
      objectReference: {fileID: 0}
    - target: {fileID: -3309971382135169509, guid: b239f4edff5084f49b4c96d45c83b45a, type: 3}
      propertyPath: m_AABB.m_Center.y
      value: -0.000000007450581
      objectReference: {fileID: 0}
    - target: {fileID: -3309971382135169509, guid: b239f4edff5084f49b4c96d45c83b45a, type: 3}
      propertyPath: m_AABB.m_Center.z
      value: 0.09941729
      objectReference: {fileID: 0}
    - target: {fileID: -3309971382135169509, guid: b239f4edff5084f49b4c96d45c83b45a, type: 3}
      propertyPath: m_AABB.m_Extent.x
      value: 0.08156711
      objectReference: {fileID: 0}
    - target: {fileID: -3309971382135169509, guid: b239f4edff5084f49b4c96d45c83b45a, type: 3}
      propertyPath: m_AABB.m_Extent.y
      value: 0.05119315
      objectReference: {fileID: 0}
    - target: {fileID: -3309971382135169509, guid: b239f4edff5084f49b4c96d45c83b45a, type: 3}
      propertyPath: m_AABB.m_Extent.z
      value: 0.09805044
      objectReference: {fileID: 0}
    - target: {fileID: 919132149155446097, guid: b239f4edff5084f49b4c96d45c83b45a, type: 3}
      propertyPath: m_Name
      value: anim1_produkt
      objectReference: {fileID: 0}
    - target: {fileID: 3640539954604635709, guid: b239f4edff5084f49b4c96d45c83b45a, type: 3}
      propertyPath: m_DirtyAABB
      value: 0
      objectReference: {fileID: 0}
    - target: {fileID: 3640539954604635709, guid: b239f4edff5084f49b4c96d45c83b45a, type: 3}
      propertyPath: m_AABB.m_Center.x
      value: 0.030323392
      objectReference: {fileID: 0}
    - target: {fileID: 3640539954604635709, guid: b239f4edff5084f49b4c96d45c83b45a, type: 3}
      propertyPath: m_AABB.m_Center.y
      value: -0.000000007450581
      objectReference: {fileID: 0}
    - target: {fileID: 3640539954604635709, guid: b239f4edff5084f49b4c96d45c83b45a, type: 3}
      propertyPath: m_AABB.m_Center.z
      value: 0.09941729
      objectReference: {fileID: 0}
    - target: {fileID: 3640539954604635709, guid: b239f4edff5084f49b4c96d45c83b45a, type: 3}
      propertyPath: m_AABB.m_Extent.x
      value: 0.08156711
      objectReference: {fileID: 0}
    - target: {fileID: 3640539954604635709, guid: b239f4edff5084f49b4c96d45c83b45a, type: 3}
      propertyPath: m_AABB.m_Extent.y
      value: 0.05119315
      objectReference: {fileID: 0}
    - target: {fileID: 3640539954604635709, guid: b239f4edff5084f49b4c96d45c83b45a, type: 3}
      propertyPath: m_AABB.m_Extent.z
      value: 0.09805044
      objectReference: {fileID: 0}
    - target: {fileID: 5357623493893471102, guid: b239f4edff5084f49b4c96d45c83b45a, type: 3}
      propertyPath: m_DirtyAABB
      value: 0
      objectReference: {fileID: 0}
    - target: {fileID: 5357623493893471102, guid: b239f4edff5084f49b4c96d45c83b45a, type: 3}
      propertyPath: m_AABB.m_Center.x
      value: -0.07330705
      objectReference: {fileID: 0}
    - target: {fileID: 5357623493893471102, guid: b239f4edff5084f49b4c96d45c83b45a, type: 3}
      propertyPath: m_AABB.m_Center.y
      value: -0.00020992383
      objectReference: {fileID: 0}
    - target: {fileID: 5357623493893471102, guid: b239f4edff5084f49b4c96d45c83b45a, type: 3}
      propertyPath: m_AABB.m_Center.z
      value: -0.000046204776
      objectReference: {fileID: 0}
    - target: {fileID: 5357623493893471102, guid: b239f4edff5084f49b4c96d45c83b45a, type: 3}
      propertyPath: m_AABB.m_Extent.x
      value: 0.08375831
      objectReference: {fileID: 0}
    - target: {fileID: 5357623493893471102, guid: b239f4edff5084f49b4c96d45c83b45a, type: 3}
      propertyPath: m_AABB.m_Extent.y
      value: 0.011045188
      objectReference: {fileID: 0}
    - target: {fileID: 5357623493893471102, guid: b239f4edff5084f49b4c96d45c83b45a, type: 3}
      propertyPath: m_AABB.m_Extent.z
      value: 0.111193925
      objectReference: {fileID: 0}
    - target: {fileID: 7482400360063027785, guid: b239f4edff5084f49b4c96d45c83b45a, type: 3}
      propertyPath: m_Materials.Array.data[0]
      value: 
      objectReference: {fileID: 2100000, guid: b1968cd110943fd448f73f709d711372, type: 2}
    - target: {fileID: 8863320264257257430, guid: b239f4edff5084f49b4c96d45c83b45a, type: 3}
      propertyPath: m_DirtyAABB
      value: 0
      objectReference: {fileID: 0}
    - target: {fileID: 8863320264257257430, guid: b239f4edff5084f49b4c96d45c83b45a, type: 3}
      propertyPath: m_AABB.m_Center.x
      value: -0.07330705
      objectReference: {fileID: 0}
    - target: {fileID: 8863320264257257430, guid: b239f4edff5084f49b4c96d45c83b45a, type: 3}
      propertyPath: m_AABB.m_Center.y
      value: -0.00020992383
      objectReference: {fileID: 0}
    - target: {fileID: 8863320264257257430, guid: b239f4edff5084f49b4c96d45c83b45a, type: 3}
      propertyPath: m_AABB.m_Center.z
      value: -0.000046204776
      objectReference: {fileID: 0}
    - target: {fileID: 8863320264257257430, guid: b239f4edff5084f49b4c96d45c83b45a, type: 3}
      propertyPath: m_AABB.m_Extent.x
      value: 0.08375831
      objectReference: {fileID: 0}
    - target: {fileID: 8863320264257257430, guid: b239f4edff5084f49b4c96d45c83b45a, type: 3}
      propertyPath: m_AABB.m_Extent.y
      value: 0.011045188
      objectReference: {fileID: 0}
    - target: {fileID: 8863320264257257430, guid: b239f4edff5084f49b4c96d45c83b45a, type: 3}
      propertyPath: m_AABB.m_Extent.z
      value: 0.111193925
      objectReference: {fileID: 0}
    m_RemovedComponents: []
  m_SourcePrefab: {fileID: 100100000, guid: b239f4edff5084f49b4c96d45c83b45a, type: 3}
--- !u!4 &3609338836054298978 stripped
Transform:
  m_CorrespondingSourceObject: {fileID: -8679921383154817045, guid: b239f4edff5084f49b4c96d45c83b45a, type: 3}
  m_PrefabInstance: {fileID: 3863046079435290249}
  m_PrefabAsset: {fileID: 0}
--- !u!1 &667040682137532877 stripped
GameObject:
  m_CorrespondingSourceObject: {fileID: -4837563062280122556, guid: b239f4edff5084f49b4c96d45c83b45a, type: 3}
  m_PrefabInstance: {fileID: 3863046079435290249}
  m_PrefabAsset: {fileID: 0}
--- !u!1 &3805271849728477507 stripped
GameObject:
  m_CorrespondingSourceObject: {fileID: -9127880108317032502, guid: b239f4edff5084f49b4c96d45c83b45a, type: 3}
  m_PrefabInstance: {fileID: 3863046079435290249}
  m_PrefabAsset: {fileID: 0}
--- !u!65 &4306818204071889707
BoxCollider:
  m_ObjectHideFlags: 0
  m_CorrespondingSourceObject: {fileID: 0}
  m_PrefabInstance: {fileID: 0}
  m_PrefabAsset: {fileID: 0}
  m_GameObject: {fileID: 667040682137532877}
  m_Material: {fileID: 0}
  m_IsTrigger: 0
  m_Enabled: 1
  serializedVersion: 2
  m_Size: {x: 0.037720766, y: 0.03772079, z: 0.29516926}
  m_Center: {x: 0.000000014937973, y: -0.000000004444237, z: -0.003040511}
--- !u!54 &7310757557908842512
Rigidbody:
  m_ObjectHideFlags: 0
  m_CorrespondingSourceObject: {fileID: 0}
  m_PrefabInstance: {fileID: 0}
  m_PrefabAsset: {fileID: 0}
  m_GameObject: {fileID: 667040682137532877}
  serializedVersion: 2
  m_Mass: 1
  m_Drag: 0
  m_AngularDrag: 0.05
  m_UseGravity: 1
  m_IsKinematic: 0
  m_Interpolate: 0
  m_Constraints: 0
  m_CollisionDetection: 0
--- !u!114 &8750108183511867172
MonoBehaviour:
  m_ObjectHideFlags: 0
  m_CorrespondingSourceObject: {fileID: 0}
  m_PrefabInstance: {fileID: 0}
  m_PrefabAsset: {fileID: 0}
  m_GameObject: {fileID: 667040682137532877}
  m_Enabled: 1
  m_EditorHideFlags: 0
  m_Script: {fileID: 11500000, guid: 0ad34abafad169848a38072baa96cdb2, type: 3}
  m_Name: 
  m_EditorClassIdentifier: 
  m_InteractionManager: {fileID: 0}
  m_Colliders: []
  m_InteractionLayerMask:
    serializedVersion: 2
    m_Bits: 4294967295
  m_InteractionLayers:
    m_Bits: 1
  m_SelectMode: 0
  m_CustomReticle: {fileID: 0}
  m_FirstHoverEntered:
    m_PersistentCalls:
      m_Calls: []
  m_LastHoverExited:
    m_PersistentCalls:
      m_Calls: []
  m_HoverEntered:
    m_PersistentCalls:
      m_Calls: []
  m_HoverExited:
    m_PersistentCalls:
      m_Calls: []
  m_FirstSelectEntered:
    m_PersistentCalls:
      m_Calls: []
  m_LastSelectExited:
    m_PersistentCalls:
      m_Calls: []
  m_SelectEntered:
    m_PersistentCalls:
      m_Calls: []
  m_SelectExited:
    m_PersistentCalls:
      m_Calls: []
  m_Activated:
    m_PersistentCalls:
      m_Calls: []
  m_Deactivated:
    m_PersistentCalls:
      m_Calls: []
  m_OnFirstHoverEntered:
    m_PersistentCalls:
      m_Calls: []
  m_OnLastHoverExited:
    m_PersistentCalls:
      m_Calls: []
  m_OnHoverEntered:
    m_PersistentCalls:
      m_Calls: []
  m_OnHoverExited:
    m_PersistentCalls:
      m_Calls: []
  m_OnSelectEntered:
    m_PersistentCalls:
      m_Calls: []
  m_OnSelectExited:
    m_PersistentCalls:
      m_Calls: []
  m_OnSelectCanceled:
    m_PersistentCalls:
      m_Calls: []
  m_OnActivate:
    m_PersistentCalls:
      m_Calls: []
  m_OnDeactivate:
    m_PersistentCalls:
      m_Calls: []
  m_AttachTransform: {fileID: 0}
  m_AttachEaseInTime: 0.15
  m_MovementType: 2
  m_VelocityDamping: 1
  m_VelocityScale: 1
  m_AngularVelocityDamping: 1
  m_AngularVelocityScale: 1
  m_TrackPosition: 1
  m_SmoothPosition: 0
  m_SmoothPositionAmount: 5
  m_TightenPosition: 0.5
  m_TrackRotation: 1
  m_SmoothRotation: 0
  m_SmoothRotationAmount: 5
  m_TightenRotation: 0.5
  m_ThrowOnDetach: 1
  m_ThrowSmoothingDuration: 0.25
  m_ThrowSmoothingCurve:
    serializedVersion: 2
    m_Curve:
    - serializedVersion: 3
      time: 1
      value: 1
      inSlope: 0
      outSlope: 0
      tangentMode: 0
      weightedMode: 0
      inWeight: 0
      outWeight: 0
    m_PreInfinity: 2
    m_PostInfinity: 2
    m_RotationOrder: 4
  m_ThrowVelocityScale: 1.5
  m_ThrowAngularVelocityScale: 1
  m_ForceGravityOnDetach: 0
  m_RetainTransformParent: 1
  m_AttachPointCompatibilityMode: 0
--- !u!114 &7105742573267052886
MonoBehaviour:
  m_ObjectHideFlags: 0
  m_CorrespondingSourceObject: {fileID: 0}
  m_PrefabInstance: {fileID: 0}
  m_PrefabAsset: {fileID: 0}
  m_GameObject: {fileID: 667040682137532877}
  m_Enabled: 1
  m_EditorHideFlags: 0
  m_Script: {fileID: 11500000, guid: fc7b850c9d1d1ae4a991fb2a908eed3e, type: 3}
  m_Name: 
  m_EditorClassIdentifier: 
--- !u!65 &6756282927972786653
BoxCollider:
  m_ObjectHideFlags: 0
  m_CorrespondingSourceObject: {fileID: 0}
  m_PrefabInstance: {fileID: 0}
  m_PrefabAsset: {fileID: 0}
  m_GameObject: {fileID: 3805271849728477507}
  m_Material: {fileID: 0}
  m_IsTrigger: 0
  m_Enabled: 1
  serializedVersion: 2
  m_Size: {x: 0.17237234, y: 0.16068204, z: 0.39349258}
  m_Center: {x: -0.005845123, y: -0.000000055327515, z: 0.14269827}
--- !u!54 &5180224805393262043
Rigidbody:
  m_ObjectHideFlags: 0
  m_CorrespondingSourceObject: {fileID: 0}
  m_PrefabInstance: {fileID: 0}
  m_PrefabAsset: {fileID: 0}
  m_GameObject: {fileID: 3805271849728477507}
  serializedVersion: 2
  m_Mass: 1
  m_Drag: 0
  m_AngularDrag: 0.05
  m_UseGravity: 1
  m_IsKinematic: 0
  m_Interpolate: 0
  m_Constraints: 0
  m_CollisionDetection: 0
--- !u!114 &2928831940512621255
MonoBehaviour:
  m_ObjectHideFlags: 0
  m_CorrespondingSourceObject: {fileID: 0}
  m_PrefabInstance: {fileID: 0}
  m_PrefabAsset: {fileID: 0}
  m_GameObject: {fileID: 3805271849728477507}
  m_Enabled: 1
  m_EditorHideFlags: 0
  m_Script: {fileID: 11500000, guid: 0ad34abafad169848a38072baa96cdb2, type: 3}
  m_Name: 
  m_EditorClassIdentifier: 
  m_InteractionManager: {fileID: 0}
  m_Colliders: []
  m_InteractionLayerMask:
    serializedVersion: 2
    m_Bits: 4294967295
  m_InteractionLayers:
    m_Bits: 1
  m_SelectMode: 0
  m_CustomReticle: {fileID: 0}
  m_FirstHoverEntered:
    m_PersistentCalls:
      m_Calls: []
  m_LastHoverExited:
    m_PersistentCalls:
      m_Calls: []
  m_HoverEntered:
    m_PersistentCalls:
      m_Calls: []
  m_HoverExited:
    m_PersistentCalls:
      m_Calls: []
  m_FirstSelectEntered:
    m_PersistentCalls:
      m_Calls: []
  m_LastSelectExited:
    m_PersistentCalls:
      m_Calls: []
  m_SelectEntered:
    m_PersistentCalls:
      m_Calls: []
  m_SelectExited:
    m_PersistentCalls:
      m_Calls: []
  m_Activated:
    m_PersistentCalls:
      m_Calls: []
  m_Deactivated:
    m_PersistentCalls:
      m_Calls: []
  m_OnFirstHoverEntered:
    m_PersistentCalls:
      m_Calls: []
  m_OnLastHoverExited:
    m_PersistentCalls:
      m_Calls: []
  m_OnHoverEntered:
    m_PersistentCalls:
      m_Calls: []
  m_OnHoverExited:
    m_PersistentCalls:
      m_Calls: []
  m_OnSelectEntered:
    m_PersistentCalls:
      m_Calls: []
  m_OnSelectExited:
    m_PersistentCalls:
      m_Calls: []
  m_OnSelectCanceled:
    m_PersistentCalls:
      m_Calls: []
  m_OnActivate:
    m_PersistentCalls:
      m_Calls: []
  m_OnDeactivate:
    m_PersistentCalls:
      m_Calls: []
  m_AttachTransform: {fileID: 0}
  m_AttachEaseInTime: 0.15
  m_MovementType: 2
  m_VelocityDamping: 1
  m_VelocityScale: 1
  m_AngularVelocityDamping: 1
  m_AngularVelocityScale: 1
  m_TrackPosition: 1
  m_SmoothPosition: 0
  m_SmoothPositionAmount: 5
  m_TightenPosition: 0.5
  m_TrackRotation: 1
  m_SmoothRotation: 0
  m_SmoothRotationAmount: 5
  m_TightenRotation: 0.5
  m_ThrowOnDetach: 1
  m_ThrowSmoothingDuration: 0.25
  m_ThrowSmoothingCurve:
    serializedVersion: 2
    m_Curve:
    - serializedVersion: 3
      time: 1
      value: 1
      inSlope: 0
      outSlope: 0
      tangentMode: 0
      weightedMode: 0
      inWeight: 0
      outWeight: 0
    m_PreInfinity: 2
    m_PostInfinity: 2
    m_RotationOrder: 4
  m_ThrowVelocityScale: 1.5
  m_ThrowAngularVelocityScale: 1
  m_ForceGravityOnDetach: 0
  m_RetainTransformParent: 1
  m_AttachPointCompatibilityMode: 0
--- !u!114 &7170398527511738866
MonoBehaviour:
  m_ObjectHideFlags: 0
  m_CorrespondingSourceObject: {fileID: 0}
  m_PrefabInstance: {fileID: 0}
  m_PrefabAsset: {fileID: 0}
  m_GameObject: {fileID: 3805271849728477507}
  m_Enabled: 1
  m_EditorHideFlags: 0
  m_Script: {fileID: 11500000, guid: fc7b850c9d1d1ae4a991fb2a908eed3e, type: 3}
  m_Name: 
  m_EditorClassIdentifier: 
